 Dungeon Crawl Stone Soup version 0.26.1-11-gd32895ea62 (webtiles) character file.

Game seed: 17574417770098331960

94 Zeld the Chucker (level 4, -3/29 HPs)
             Began as an Octopode Gladiator on May 23, 2021.
             Slain by an orc
             ... wielding a +0 war axe
              (7 damage)
             ... on level 3 of the Dungeon.
             The game lasted 00:01:36 (2839 turns).

Zeld the Chucker (Octopode Gladiator)               Turns: 2839, Time: 00:01:37

Health: -3/29      AC:  1    Str: 14    XL:     4   Next: 63%
Magic:  4/4        EV: 14    Int: 10    God:
Gold:   111        SH:  0    Dex: 13    Spells: 3/3 levels left

rFire    . . .     SeeInvis .     - Unarmed
rCold    . . .     Faith    .   (no shield)
rNeg     . . .     Spirit   .   a - +0 hat
rPois    .         Reflect  .   (no amulet)
rElec    .         Harm     .   (no ring)
rCorr    .         Rampage  .   (no ring)
Will     .....                  (no ring)
Stlth    ++........             (no ring)
HPRegen  0.09/turn              (no ring)
MPRegen  0.09/turn              (no ring)
                                (no ring)
                                (no ring)

@: no status effects
A: almost no armour, stealthy swim, amphibious, 8 rings, constrict 8, camouflage
1, gelatinous body 1
a: no special abilities


You were on level 3 of the Dungeon.
You visited 1 branch of the dungeon, and saw 3 of its levels.

You collected 111 gold pieces.

Inventory:

Missiles
 b - 3 throwing nets (quivered)
Armour
 a - a +0 hat (worn)
Jewellery
 j - an uncursed ring of wizardry {unknown}
Scrolls
 d - 2 scrolls of enchant armour {unknown}
 e - a scroll of immolation {unknown}
 g - a scroll of remove curse {unknown}
 h - 2 scrolls of identify {unknown}
 i - 2 scrolls of fog {unknown}
Potions
 c - a potion of ambrosia {unknown}
 f - a potion of lignification {unknown}
 k - a potion of curing {unknown}
 l - a potion of magic {unknown}


   Skills:
 - Level 2.0 Fighting
 * Level 4.7 Throwing
 - Level 3.0 Dodging
 - Level 3.0 Unarmed Combat


You had 3 spell levels left.
You didn't know any spells.
Your spell library contained the following spells:

 Spells                   Type           Power        Failure   Level
 Magic Dart               Conj           0%           36%         1
 Blink                    Tloc           N/A          50%         2
 Call Imp                 Summ           0%           50%         2
 Slow                     Hex            0%           50%         2
 Conjure Flame            Conj/Fire      0%           75%         3
 Mephitic Cloud           Conj/Pois/Air  0%           75%         3


Dungeon Overview and Level Annotations

Branches:
Dungeon (3/15)

Altars:


Innate Abilities, Weirdness & Mutations

You cannot wear most types of armour.
You are very stealthy in the water. (Stealth+)
You are amphibious.
You can wear up to eight rings at the same time.
You can use your tentacles to constrict eight enemies at once.
Your skin changes colour to match your surroundings (Stealth+).
Your rubbery body absorbs attacks. (AC +1, EV +1)


Message History

You release your grip on the orc.
There is a stone staircase leading up here.
You closely miss the orc. Your grab misses the orc.
The orc is lightly wounded.
The orc hits you with a +0 war axe.
* * * LOW HITPOINT WARNING * * *
There is a stone staircase leading up here.
An adder and a quokka come into view.
The helpless adder fails to defend itself.
You tentacle-slap the adder. Your grab misses the adder.
The adder is lightly wounded.
The adder misses you. The orc closely misses you.
You tentacle-slap the adder but do no damage.
Your grab misses the adder. Your squeeze misses the adder.
The adder is lightly wounded.
The adder misses you.
You tentacle-slap the adder. Your grab misses the adder.
The adder is severely wounded.
The adder barely misses you. The orc hits you with a +0 war axe!
You die...

##..#o##.#...##...#.#
......##.#...##...# #
......'......##o..#
......#......##o..#
......+......##...#
......#......#....#
......#(.....#.#..#
......#......#o####.#
......#......#.o@Sr.#
.......###)#.########
.......# #.#...
..####.###.##### .#
#..##.# ##†##.#
#...#.# #...#.#
##.....#######


You could see an adder, 2 orcs and a quokka.

Vanquished Creatures
  An orc wizard (D:3)
  2 adders
  A worm (D:3)
  A dart slug (D:1)
  A leopard gecko (D:3)
  A ball python (D:3)
  A bat (D:3)
  A giant cockroach (D:1)
  9 goblins
  3 hobgoblins
  8 jackals
  A kobold (D:2)
  A quokka (D:3)
  A frilled lizard (D:3)
  8 rats
40 creatures vanquished.

Notes
Turn   | Place    | Note
-------+----------+-------------------------------------------
     0 | D:1      | Zeld the Octopode Gladiator began the quest for the Orb.
     0 | D:1      | Reached XP level 1. HP: 14/14 MP: 1/1
     1 | D:1      | Noticed an electric eel
   537 | D:1      | Reached XP level 2. HP: 15/19 MP: 2/2
   736 | D:1      | Reached skill level 3 in Throwing
  1188 | D:2      | Reached XP level 3. HP: 5/24 MP: 3/3
  1735 | D:2      | Found a faded altar of an unknown god.
  2303 | D:3      | Reached skill level 4 in Throwing
  2446 | D:3      | Reached XP level 4. HP: 27/29 MP: 4/4
  2811 | D:3      | HP: 1/29 [orc/+0 war axe (4)]
  2839 | D:3      | Slain by an orc

Illustrated notes

Levels and vault maps discovered:
D:1:      arrival_aquarium_a, layout_basic
D:2:      layout_loops_cross, chequers_ecumenical_altar_grove
D:3:      corexii_shack_village, layout_basic, amethyst_overflow_temple_binary

Skill      XL: |  1  2  3 |
---------------+----------+-----
Throwing       | 3 4 |  4.7
Fighting       | |  2.0
Dodging        | |  3.0
Unarmed Combat | |  3.0

Action                   |  1- 3 |  4- 6 || total
-------------------------+-------+-------++-------
Melee: Unarmed           |    81 |    27 ||   108
       Tentacles         |    13 |     3 ||    16
       Constrict         |    17 |     7 ||    24
       Punch             |     1 |       ||     1
 Stab: Sleeping          |     8 |     1 ||     9
Armor: Skin              |     6 |     2 ||     8
Dodge: Dodged            |    43 |    30 ||    73
